 Dungeon Crawl Stone Soup version 0.17-a0-1447-g3d113ad (webtiles) character file.

147 ztt the Skirmisher (level 5, -2/57 HPs)
             Began as an Ogre Fighter on June 29, 2015.
             Was an Initiate of Okawaru.
             Killed by nerve-wracking pain
             ... invoked by an orc priest
              (9 damage)
             ... on level 3 of the Dungeon.
             The game lasted 00:03:49 (2574 turns).

ztt the Skirmisher (Ogre Fighter)                   Turns: 2574, Time: 00:03:50

Health: -2/57      AC:  4    Str: 22    XL:     5   Next: 29%
Magic:  5/5        EV:  3    Int:  7    God:    Okawaru [......]
Gold:   112        SH:  9    Dex:  9    Spells: 0 memorised, 4 levels left

rFire  . . .     SeeInvis .     g - +0 mace
rCold  . . .     Clarity  .     b - +0 robe
rNeg   . . .     SustAt   .     c - +0 shield
rPois  .         Gourm    .     (helmet restricted)
rElec  .         Spirit   .     o - +0 cloak
rCorr  .         Warding  .     (gloves unavailable)
rMut   .         Stasis   .     (boots unavailable)
MR     .....                    (no amulet)
Stlth  +.........               (no ring)
                                (no ring)

@: not resistant to hostile enchantments, very unstealthy
A: unfitting armour, tough skin 1
a: Renounce Religion


You were on level 3 of the Dungeon.
You worshipped Okawaru.
Okawaru was noncommittal.
You were hungry.

You visited 1 branch of the dungeon, and saw 3 of its levels.

You collected 112 gold pieces.

Inventory:

Hand weapons
 a - a +0 flail
 g - a +0 mace (weapon)
Armour
 b - a +0 robe (worn)
 c - a +0 shield (worn)
 o - a +0 cloak (worn)
Scrolls
 i - 2 scrolls of teleportation
 q - a scroll of recharging
Potions
 d - 2 potions of might
 f - a potion of heal wounds {unknown}
 j - a potion of ambrosia {unknown}
 k - a potion of curing {unknown}
 l - a potion of magic {unknown}
Comestibles
 e - 2 bread rations
 h - a royal jelly
 m - a beef jerky
 n - a slice of pizza


   Skills:
 + Level 5.0 Fighting
 * Level 4.2 Maces & Flails
 + Level 3.3 Dodging
 + Level 0.8 Stealth
 + Level 3.4 Shields


You had 4 spell levels left.
You didn't know any spells.

Dungeon Overview and Level Annotations

Branches:
Dungeon (3/15)

Altars:
Ashenzari
Fedhas
Okawaru
Trog


Innate Abilities, Weirdness & Mutations

You are too large for most types of armour.
You have tough skin (AC +1).


Message History

You hit the orc priest.
The orc priest is almost dead.
The orc priest hits you with a flail. The goblin hits you but does no damage.
You barely miss the orc priest.
The orc priest is almost dead.
The orc priest hits you with a flail. The goblin hits you with a dagger.
The orc priest barely misses you.
You barely miss the orc priest.
The orc priest is almost dead.
The goblin hits you but does no damage.
The orc priest mumbles some strange prayers to Beogh against you.
Something smites you!
* * * LOW HITPOINT WARNING * * *
You are too injured to fight recklessly!
Drink which item? (? for menu, Esc to quit)
Okay, then.
You block the goblin's attack.
The orc priest mumbles some strange prayers to Beogh against you.
Pain shoots through your body!
You die...

###o....#
...#....##.########
......o.##.o.og...#
..(...#.#########.#
.####..$# #o# ..###
#.# #.. #.# #.
#########.# #.
.......@oo# #
########g.# #.##
#.# #.# #.# #.# #..
..#


You could see an orc priest, an orc wizard and a goblin.

Vanquished Creatures
  Ijyb (D:2)
  Robin (D:2)
  4 adders (D:2)
  An ooze (D:1)
  2 worms (D:2)
  3 giant geckos
  An orc (D:3)
  3 giant cockroaches (D:2)
  14 goblins
  9 hobgoblins
  6 kobolds
  A quokka (D:2)
  A ball python (D:1)
  3 bats
  3 giant newts
  8 rats (D:1)
61 creatures vanquished.

Notes
Turn   | Place    | Note
--------------------------------------------------------------
     0 | D:1      | ztt the Ogre Fighter began the quest for the Orb.
     0 | D:1      | Reached XP level 1. HP: 24/24 MP: 1/1
   415 | D:1      | Reached XP level 2. HP: 6/32 MP: 2/2
   964 | D:1      | Reached XP level 3. HP: 37/40 MP: 3/3
  1266 | D:2      | Noticed Ijyb
  1275 | D:2      | Killed Ijyb
  1275 | D:2      | Reached XP level 4. HP: 39/49 MP: 4/4
  1651 | D:2      | Reached skill level 5 in Fighting
  1797 | D:2      | Found a shattered altar of Ashenzari.
  1817 | D:2      | Found a blossoming altar of Fedhas.
  1823 | D:2      | Found an iron altar of Okawaru.
  1841 | D:2      | Became a worshipper of Warmaster Okawaru
  2226 | D:2      | Noticed Robin
  2259 | D:2      | Reached XP level 5. HP: 55/57 MP: 5/5
  2301 | D:2      | Killed Robin
  2419 | D:3      | Found a bloodstained altar of Trog.
  2574 | D:3      | Killed from afar by an orc priest

Vault maps used:
D:1:      lightli_arrival_farm
D:2:      nicolae_overflow_hidden_temple, ashenzari_conservatory_becter,
          okawaru_ov_weapons_minmay, uniq_robin, uniq_iyjb
D:3:      kennysheep_the_goblin_king, gup_sewer_entry_pipe, nrook_mini_vaults,
          trog_three_pillars_becter, uniq_grinder, uniq_crazy_yiuf_cottage

Action                   |  1- 3 |  4- 6 || total
-------------------------+-------+-------++-------
Melee: Flail             |    72 |    34 ||   106
       Mace              |       |    93 ||    93
  Use: Potion            |     1 |       ||     1
       Scroll            |       |     7 ||     7
  Eat: Chunk             |     1 |     4 ||     5
